 Dungeon Crawl Stone Soup version 0.31.0-9-g3a7656b989 (webtiles) character file.

Game seed: 5047561129523331360

56728 EnegeticOcto the Brawler (level 14, -4/129 HPs)
             Began as a Ghoul Monk on Jan 28, 2024.
             Was the Champion of Okawaru.
             Slain by an iron troll (5 damage)
             ... on level 15 of the Dungeon.
             The game lasted 00:25:51 (18813 turns).

EnegeticOcto the Brawler (Ghoul Monk)              Turns: 18813, Time: 00:25:51

Health: -4/129     AC: 25    Str: 26    XL:     14   Next: 83%
Magic:  30/30      EV: 10    Int: 12    God:    Okawaru [******]
Gold:   1448       SH: 11    Dex: 17    Spells: 13/13 levels left

rFire   . .          .
                       - Unarmed
rCold   + + .        q - +0 buckler
rNeg    + + +        S - +6 storm dragon scales of Peoj {rElec MP+9 Dex+6}
rPois   ∞            r - +0 hat {Int+3}
rElec   +            l - +1 cloak
rCorr   .            (no gloves)
SInv    .            i - +2 pair of boots {rampage}
Will    +....        e - amulet of reflection Stlth
                     K - ring of protection from cold
HPRegen 0.00/turn    O - +6 ring of strength
MPRegen 0.22/turn

%: reflection, rampage
@: inhibited regen
A: claws 1, cold resistance 1, negative energy resistance 3, inhibited
regeneration, torment resistance 2, devour on kill
a: Renounce Religion, Heroism, Finesse, Duel


You were on level 15 of the Dungeon.
You worshipped Okawaru.
Okawaru was exalted by your worship.
You visited 3 branches of the dungeon, and saw 17 of its levels.
You also visited: Sewer.

You collected 1448 gold pieces.

Inventory:

Hand Weapons
 I - the +3 short sword of Lust {protect, Str+5}
   (You found it on level 6 of the Dungeon)

   Str+5:     It affects your strength (+5).
 R - a +5 vampiric demon blade
   (Okawaru gifted it to you on level 12 of the Dungeon)
 T - a +0 whip of distortion
   (You took it off a kobold on level 4 of the Dungeon)
 U - a +2 whip of distortion
   (You took it off a kobold on level 4 of the Dungeon)
Missiles
 B - 8 javelins
 C - 19 boomerangs (quivered)
 F - 4 curare-tipped darts
 J - 2 silver javelins
Armour
 a - a +1 scale mail of fire resistance
   (You took it off an orc on level 7 of the Dungeon)
 i - a +2 pair of boots of rampaging (worn)
   (You acquired it on level 4 of the Dungeon)
 l - a +1 cloak (worn)
   (You found it on level 2 of the Dungeon)
 n - a scarf of repulsion
   (You found it on level 3 of the Dungeon)
 q - a +0 buckler (worn)
   (You found it on level 3 of the Dungeon)
 r - a +0 hat of intelligence (worn)
   (You took it off Gastronok on level 8 of the Dungeon)
 S - the +6 storm dragon scales of Peoj (worn) {rElec MP+9 Dex+6}
   (Okawaru gifted it to you on level 12 of the Dungeon)

   Dex+6:     It affects your dexterity (+6).
   rElec:     It insulates you from electricity.
   MP+9:      It affects your magic capacity (+9).
Jewellery
 c - a ring of resist corrosion
   (You found it on level 13 of the Dungeon)
 e - an amulet of reflection (around neck)
   (You acquired it on level 9 of the Dungeon)
 v - an amulet of faith
   (You found it on level 15 of the Dungeon)
 K - a ring of protection from cold (left claw)
   (You found it on level 7 of the Dungeon)
 L - a ring of fire
   (You found it on level 7 of the Dungeon)
 M - the ring of the Invisible Hand {MP+9 Str+4}
   (You took it off an orc on level 10 of the Dungeon)

   [ring of magical power]

   Str+4:     It affects your strength (+4).
   MP+9:      It affects your magic capacity (+9).
 O - a +6 ring of strength (right claw)
   (You found it on level 9 of the Dungeon)
 V - a ring of fire
   (You found it on level 4 of the Dungeon)
 Y - the ring "Waomp" {*Slow rPois rC+ rN++ rCorr}
   (You found it on level 14 of the Dungeon)

   [ring of protection from cold]

   rC+:       It protects you from cold.
   rPois:     It protects you from poison rN++: It greatly protects you from
   negative energy.
   rCorr:     It protects you from acid and corrosion.
   *Slow:     It may slow you when you take damage.
Wands
 s - a wand of digging (7) {@v3}
   (You found it on level 8 of the Dungeon)
 t - a wand of iceblast (10) {@v2}
   (You found it in a sewer)
 y - a wand of polymorph (8)
   (You took it off Sigmund on level 4 of the Dungeon)
 H - a wand of flame (11) {@v4}
   (You found it on level 6 of the Dungeon)
Scrolls
 f - 2 scrolls of teleportation {@r3 !r}
 g - a scroll of poison {!r}
 j - a scroll of enchant weapon
 m - 6 scrolls of fear {!r}
 u - a scroll of noise {unknown}
 w - a scroll of silence {!r}
 D - a scroll of revelation {unknown}
 E - a scroll of blinking {@r4}
 G - 2 scrolls of fog {!r}
 P - 3 scrolls of immolation
 X - a scroll of vulnerability {unknown}
Potions
 b - 7 potions of ambrosia
 d - 2 potions of enlightenment {unknown}
 h - 3 potions of haste {@q4 !q}
 k - a potion of resistance {unknown}
 o - a potion of might {@q3 !q}
 p - a potion of brilliance {unknown}
 x - 3 potions of curing {@q1 !q}
 z - a potion of magic {unknown}
 A - 2 potions of cancellation {unknown}
 N - 2 potions of mutation {unknown}
 Q - 2 potions of heal wounds {@q2 !q}
 W - a potion of degeneration {unknown}


   Skills:
 + Level 13.2 Fighting
 + Level 9.4 Throwing
 + Level 8.7 Armour
 + Level 4.6 Dodging
 - Level 5.1 Shields
 - Level 16.0 Unarmed Combat
 - Level 10.0 Invocations


You had 13 spell levels left.
You didn't know any spells.
Your spell library contained the following spells:

 Spells                   Type           Power      Damage    Failure   Level
 Sandblast                Erth           0%         2d4       89%         1
 Hailstorm                Conj/Ice       0%         3d5       99%         3
 Passwall                 Erth           0%         N/A       99%         3
 Stone Arrow              Conj/Erth      0%         3d7       99%         3
 Brom's Barrelling Bould  Conj/Erth      0%         2d3       100%        4
 Alistair's Intoxication  Alch           0%         N/A       100%        5
 Borgnjor's Vile Clutch   Necr/Erth      0%         N/A       100%        5
 Lee's Rapid Deconstruct  Erth           0%         3d4*      100%        5
 Eringya's Noxious Bog    Alch           0%         4d6       100%        6
 Call Imp                 Summ           Unusable   N/A       N/A         2
 Sublimation of Blood     Necr           Unusable   N/A       N/A         2
 Summon Ice Beast         Ice/Summ       Unusable   N/A       N/A         3
 Animate Armour           Summ/Erth      Unusable   N/A       N/A         4
 Animate Dead             Necr           Unusable   N/A       N/A         4
 Summon Lightning Spire   Summ/Air       Unusable   N/A       N/A         4
 Sculpt Simulacrum        Ice/Alch       Unusable   N/A       N/A         6
 Haunt                    Necr/Summ      Unusable   N/A       N/A         7
 Summon Hydra             Summ           Unusable   N/A       N/A         7
 Infestation              Necr           Unusable   N/A       N/A         8

Dungeon Overview and Level Annotations

Branches:
Dungeon (15/15) Zot: 23678  Temple (1/1) D:6 Zot: 5981    Lair (0/5) D:9
    Orc (0/2) D:12         Vaults (0/5) D:14         Depths (1/4) D:15 Zot: 5961
  Sewer (visited)

Altars:
Ashenzari
Cheibriados
Dithmenos
Fedhas
Gozag
Hepliaklqana
Kikubaaqudgha
Makhleb
Nemelex Xobeh
Okawaru
Qazlal
Ru
Sif Muna
Trog
Uskayaw
Vehumet
Wu Jian
Xom
Yredelemnul
Lugonu

Shops:
D:9 =

Portals:
Hell: Depths:1
Abyss: D:4

Annotations:
D:15 exclusion: orange crystal statue


Innate Abilities, Weirdness & Mutations

You are immune to poison.
You have sharp fingernails.
Your flesh is cold resistant. (rC+)
You are immune to negative energy. (rN+++)
You do not regenerate when monsters are visible.
You are immune to unholy pain and torment.
You thrive by killing the living.


Message History

The deep troll earth mage claws you but does no damage.
A deep troll comes into view. x2
The deep troll shouts!
You claw the deep troll earth mage!
You kill the deep troll earth mage!
Okawaru is honoured by your kill. The green ugly thing pecks you.
You scratch the green ugly thing but do no damage.
The glowing orange brain changes into a sea snake!
The green ugly thing pecks you but does no damage.
An iron troll comes into view.
You claw the green ugly thing!
The green ugly thing is moderately wounded.
The green ugly thing closely misses you.
The green ugly thing pecks you!
You climb upwards.
Welcome back to the Dungeon!
Level annotation: exclusion: orange crystal statue
There is a staircase to the Depths, spattered with blood here.
You closely miss the green ugly thing.
The green ugly thing is moderately wounded.
You scratch the green ugly thing but do no damage.
The green ugly thing is moderately wounded.
The green ugly thing pecks you but does no damage.
You block the iron troll's attack.
The iron troll claws you but does no damage.
The iron troll claws you!
You claw the green ugly thing!
The green ugly thing is moderately wounded.
The green ugly thing pecks you but does no damage.
The iron troll attacks as it pursues you!
You block the iron troll's attack. The iron troll barely misses you.
The iron troll claws you!
The green ugly thing attacks as it pursues you!
You block the green ugly thing's attack.
You see here a +0 battleaxe of freezing.
The green ugly thing attacks as it pursues you!
The green ugly thing pecks you but does no damage.
There is an open door here.
You are too injured to fight recklessly!
You are too injured to fight recklessly!
You are too injured to fight recklessly!
You are too injured to fight recklessly!
You are too injured to fight recklessly!
You are too injured to fight recklessly!
You are too injured to fight recklessly!
You completely miss the green ugly thing.
The green ugly thing is moderately wounded.
You mangle the green ugly thing!!
The green ugly thing is severely wounded.
The green ugly thing pecks you but does no damage.
You eviscerate the green ugly thing!!!
You kill the green ugly thing!
Okawaru accepts your kill.
You feel better.
You barely miss the iron troll. You scratch the iron troll.
The iron troll is lightly wounded.
The iron troll barely misses you. The iron troll claws you!
The iron troll claws you but does no damage.
You claw the iron troll!
The iron troll is moderately wounded.
You block the iron troll's attack.
The iron troll claws you but does no damage.
The iron troll claws you!
You claw the iron troll!
The iron troll is moderately wounded.
You mangle the iron troll!!
The iron troll is severely wounded.
You block the iron troll's attack. The iron troll closely misses you.
The iron troll claws you but does no damage.
You scratch the iron troll but do no damage.
The iron troll is severely wounded.
You scratch the iron troll but do no damage.
The iron troll is severely wounded.
You block the iron troll's attack. x2
The iron troll claws you but does no damage.
You scratch the iron troll but do no damage.
The iron troll is severely wounded.
You barely miss the iron troll.
The iron troll is severely wounded.
The iron troll bites you! The iron troll claws you!
The iron troll claws you but does no damage.
You barely miss the iron troll.
The iron troll is severely wounded.
You scratch the iron troll.
The iron troll is severely wounded.
The iron troll bites you!!
* * * LOW HITPOINT WARNING * * *
The iron troll claws you!
* * * LOW HITPOINT WARNING * * *
The iron troll claws you!
* * * LOW HITPOINT WARNING * * *
You scratch the iron troll but do no damage.
The iron troll is severely wounded.
You scratch the iron troll but do no damage.
The iron troll is severely wounded.
You block the iron troll's attack. The iron troll claws you.
* * * LOW HITPOINT WARNING * * *
The iron troll claws you.
You die...

#.#
#≈..#(.≈#
#.#
#.#.#.#.#
#.#
#.≈.≈.≈.#
#.#
#.≈...≈.#
#.#
#.≈...≈[#
#.#
#.##'##.#
#.#
#.#...#.#
######.#
#[#8>8#.#
.......#
#.'[[T@.#
.......#
#########
########


You could see an iron troll.

Vanquished Creatures
  The ghost of Colgate the Cleaver, a veteran AtHW of Okawaru (D:15)
  Gastronok (D:8)
  2 frost giants (D:15)
  Azrael (D:12)
  Snorg (D:14)
  The ghost of fly the Unseen, a journeyman KoDe of Uskayaw (D:14)
  2 yaktaur captains
  An entropy weaver (shapeshifter) (D:15)
  Fannar (D:11)
  An ice dragon (D:15)
  A rakshasa (D:14)
  5 centaur warriors
  A death knight (D:14)
  4 tengu warriors
  2 deep troll earth magi
  2 two-headed ogres
  Sonja (D:11)
  Nergalle (D:10)
  An iron troll (D:15)
  A shadow wraith (D:14)
  Lodul (D:14)
  An obsidian statue (D:15)
  2 deep trolls (D:15)
  2 flayed ghosts
  3 deep elf pyromancers
  A phantasmal warrior (D:14)
  17 ugly things
  A wolf spider (D:15)
  2 orc knights (D:15)
  3 cyclopes
  The ghost of destino the Insei, a novice OpSh of Uskayaw (D:6)
  3 manticores
  Maggie (D:10)
  A molten gargoyle (D:14)
  2 gargoyles
  An unseen horror (D:11)
  3 yaktaurs
  A kobold demonologist (D:10)
  A tengu conjurer (D:9)
  A rime drake (D:9)
  Psyche (D:11)
  The ghost of gohu56 the Digger, a novice GrEE (D:4)
  3 trolls
  A troll (shapeshifter) (D:13)
  Grinder (D:6)
  Sigmund (D:4)
  A vampire (D:12)
  18 slime creatures
  3 shadows
  2 wyverns
  A wraith (D:12)
  10 yaks (D:11)
  Eustachio (D:5)
  A basilisk (D:15)
  3 wargs
  3 fire elementals (D:12)
  3 steam dragons
  8 vampire mosquitoes
  2 acid dragons (D:9)
  3 water moccasins
  4 hell hounds (D:12)
  A sky beast (D:7)
  5 orc warriors
  8 ice beasts
  10 ogres
  2 black bears (D:7)
  4 laughing skulls
  A crocodile (Sewer)
  4 wolves (D:9)
  3 boggarts (D:14)
  10 centaurs
  A phantom (D:6)
  A gnoll sergeant (D:12)
  A kobold brigand (D:12)
  Blork the orc (D:6)
  3 bullfrogs
  A scorpion (D:4)
  9 wights
  8 killer bees
  5 howler monkeys
  4 crimson imps (D:3)
  A lava snake (D:14)
  2 hounds (D:6)
  4 bombardier beetles
  A jelly (D:7)
  6 orc priests
  A gnoll bouda (D:5)
  11 orc wizards
  9 iguanas
  2 centaur simulacra
  3 scorpion simulacra (D:4)
  5 adders
  8 gnolls
  A white imp (D:6)
  4 ufetubi
  A dart slug (D:2)
  6 ribbon worms
  2 adder simulacra (D:4)
  56 orcs
  4 bats
  7 endoplasms
  A giant cockroach (D:3)
  10 goblins
  9 hobgoblins
  7 jackals
  4 quokkas
  5 ball pythons
  4 frilled lizards (D:1)
  15 kobolds
  7 rats
428 creatures vanquished.

Notes
Turn   | Place    | Note
-------+----------+-------------------------------------------
     0 | D:1      | EnegeticOcto the Ghoul Monk began the quest for the Orb.
     0 | D:1      | Reached XP level 1. HP: 19/19 MP: 1/1
   316 | D:1      | Reached XP level 2. HP: 26/26 MP: 2/2
   535 | D:1      | Reached skill level 4 in Unarmed Combat
   869 | D:2      | Reached XP level 3. HP: 28/33 MP: 3/3
  1300 | D:2      | Reached skill level 4 in Fighting
  1300 | D:2      | Reached XP level 4. HP: 39/40 MP: 4/4
  1321 | D:2      | Reached skill level 5 in Unarmed Combat
  1544 | D:3      | Found a shimmering altar of Xom.
  1559 | D:3      | Reached XP level 5. HP: 31/47 MP: 5/5
  1839 | D:3      | Reached skill level 6 in Unarmed Combat
  1839 | D:3      | Reached XP level 6. HP: 54/55 MP: 6/6
  2350 | D:4      | Noticed Sigmund
  2428 | D:4      | Reached skill level 5 in Fighting
  2549 | D:4      | Reached skill level 1 in Shields
  2688 | D:4      | Found a large runed translucent door.
  2688 | D:4      | Found a large runed translucent door.
  2691 | D:4      | Found a corrupted altar of Lugonu.
  2791 | D:4      | Found a glowing drain.
  2825 | Sewer    | Entered a sewer
  2844 | Sewer    | Reached XP level 7. HP: 55/61 MP: 7/7
  2918 | Sewer    | Reached skill level 7 in Unarmed Combat
  3130 | D:4      | Identified a scroll of acquirement
  3131 | D:4      | Acquired a +1 pair of boots of rampaging
  3205 | D:4      | Found a runed translucent gate.
  3205 | D:4      | Found a runed translucent gate.
  3205 | D:4      | Found a runed translucent gate.
  3236 | D:4      | Identified the ring of Irrepressible Laughter {Ice Int+3}
  3291 | D:4      | Noticed gohu56's ghost (novice GrEE)
  3317 | D:4      | Found a one-way gate to the infinite horrors of the Abyss.
  3554 | D:4      | Killed Sigmund
  3555 | D:4      | Reached skill level 2 in Shields
  3824 | D:5      | Entered Level 5 of the Dungeon
  3959 | D:4      | Reached skill level 6 in Fighting
  4038 | D:4      | Reached skill level 8 in Unarmed Combat
  4038 | D:4      | Reached XP level 8. HP: 47/70 MP: 8/8
  4321 | D:5      | Reached skill level 3 in Shields
  4557 | D:5      | Noticed Pikel
  4560 | D:5      | Pikel changed into Pikel the bullfrog
  4560 | D:5      | Noticed Pikel
  4568 | D:5      | Killed Pikel the bullfrog
  4647 | D:5      | Noticed Eustachio
  4654 | D:5      | Killed Eustachio
  4655 | D:5      | Reached skill level 9 in Unarmed Combat
  4831 | D:5      | Reached skill level 7 in Fighting
  5179 | D:6      | Reached skill level 4 in Shields
  5179 | D:6      | Reached XP level 9. HP: 72/79 MP: 9/9
  5306 | D:6      | Found a runed translucent door.
  5306 | D:6      | Noticed destino's ghost (novice OpSh)
  5448 | D:6      | Found a staircase to the Ecumenical Temple.
  5451 | D:6      | Reached skill level 10 in Unarmed Combat
  5459 | Temple   | Entered the Ecumenical Temple
  5468 | Temple   | Became a worshipper of Warmaster Okawaru
  5468 | Temple   | Reached * piety under Okawaru
  5468 | Temple   | Reached ** piety under Okawaru
  5635 | D:6      | Noticed Blork the orc
  5648 | D:6      | Killed Blork the orc
  5693 | D:6      | Noticed Grinder
  5701 | D:6      | Reached skill level 1 in Invocations
  5720 | D:6      | Killed Grinder
  5721 | D:6      | Reached skill level 1 in Throwing
  6083 | D:6      | Killed destino's ghost
  6084 | D:6      | Reached skill level 2 in Invocations
  6127 | D:6      | Identified the +3 short sword of Lust {protect, Str+5}
  6159 | D:7      | Found a shadowy altar of Dithmenos.
  6203 | D:7      | Reached skill level 2 in Throwing
  6270 | D:7      | Found a shimmering blue altar of Sif Muna.
  6276 | D:7      | Found a bloodstained altar of Trog.
  6412 | D:7      | Reached skill level 8 in Fighting
  6494 | D:7      | Reached skill level 5 in Shields
  6646 | D:7      | Reached skill level 11 in Unarmed Combat
  6646 | D:7      | Reached XP level 10. HP: 50/88 MP: 12/12
  6908 | D:7      | Reached *** piety under Okawaru
  6909 | D:7      | Reached skill level 3 in Invocations
  7120 | D:7      | Reached skill level 1 in Armour
  7405 | D:7      | Noticed a gargoyle
  7408 | D:7      | Killed a gargoyle
  7409 | D:7      | Reached skill level 3 in Throwing
  7491 | D:7      | Noticed a two-headed ogre
  7550 | D:7      | Killed a two-headed ogre
  7550 | D:7      | Reached **** piety under Okawaru
  7551 | D:7      | Reached skill level 4 in Invocations
  7682 | D:7      | Reached skill level 2 in Armour
  8273 | D:8      | Reached skill level 12 in Unarmed Combat
  8299 | D:8      | Found a burning altar of Makhleb.
  8306 | D:8      | Found a hide-covered altar of Uskayaw.
  8529 | D:8      | Reached skill level 9 in Fighting
  8558 | D:8      | Noticed Gastronok
  8565 | D:8      | Killed Gastronok
  8565 | D:8      | Reached ***** piety under Okawaru
  8566 | D:8      | Reached skill level 4 in Throwing
  8566 | D:8      | Reached skill level 3 in Armour
  8566 | D:8      | Reached skill level 5 in Invocations
  8566 | D:8      | Reached XP level 11. HP: 97/97 MP: 14/14
  8755 | D:8      | Found a snail-covered altar of Cheibriados.
  8790 | D:8      | Received a gift from Okawaru
  9401 | D:9      | Noticed a tengu warrior
  9414 | D:9      | Killed a tengu warrior
  9430 | D:9      | Acquired an amulet of reflection
  9489 | D:9      | Found a staircase to the Lair.
  9572 | D:9      | Reached skill level 13 in Unarmed Combat
  9690 | D:9      | Noticed a two-headed ogre
  9700 | D:9      | Killed a two-headed ogre
  9701 | D:9      | Reached skill level 5 in Throwing
  9781 | D:9      | Found Leng's Jewellery Emporium.
  9802 | D:9      | Reached skill level 4 in Armour
  9982 | D:9      | Found a stormy altar of Qazlal.
 10033 | D:10     | Entered Level 10 of the Dungeon
 10210 | D:10     | Noticed Maggie
 10220 | D:10     | Killed Maggie
 10262 | D:10     | Identified the ring of the Invisible Hand {MP+9 Str+4}
 10267 | D:10     | Noticed Nergalle
 10283 | D:10     | Reached skill level 6 in Invocations
 10288 | D:10     | Killed Nergalle
 10344 | D:10     | Reached skill level 10 in Fighting
 10533 | D:10     | Received a gift from Okawaru
 10716 | D:11     | Noticed a red ugly thing
 10734 | D:11     | Killed a red ugly thing
 10735 | D:11     | Reached XP level 12. HP: 36/106 MP: 16/16
 11003 | D:11     | Noticed Psyche
 11022 | D:11     | Killed Psyche
 11201 | D:11     | Reached skill level 14 in Unarmed Combat
 11320 | D:11     | Noticed Sonja
 11348 | D:11     | Killed Sonja
 11349 | D:11     | Reached skill level 5 in Armour
 11419 | D:11     | Reached skill level 6 in Throwing
 11425 | D:11     | Reached skill level 7 in Invocations
 11425 | D:11     | HP: 2/107 [yak (12)]
 11724 | D:11     | Noticed Fannar
 11733 | D:11     | Killed Fannar
 11733 | D:11     | Received a gift from Okawaru
 12086 | D:12     | Found a staircase to the Orcish Mines.
 12241 | D:12     | Noticed Azrael
 12519 | D:12     | Killed Azrael
 12951 | D:12     | Reached skill level 11 in Fighting
 13193 | D:13     | Noticed a tengu warrior
 13203 | D:12     | Killed a tengu warrior
 13203 | D:12     | Reached ****** piety under Okawaru
 13204 | D:12     | Acquired a +5 vampiric demon blade
 13204 | D:12     | Received a gift from Okawaru
 13206 | D:12     | Acquired the +6 storm dragon scales of Peoj {rElec MP+9
                  | Dex+6}
 13206 | D:12     | Received a gift from Okawaru
 13270 | D:13     | Received a gift from Okawaru
 13346 | D:13     | Reached skill level 15 in Unarmed Combat
 13346 | D:13     | Reached XP level 13. HP: 116/116 MP: 18/18
 13406 | D:13     | Reached skill level 6 in Armour
 13409 | D:13     | Reached skill level 8 in Invocations
 13869 | D:13     | Reached skill level 7 in Throwing
 14364 | D:14     | Found a runed translucent gate.
 14364 | D:14     | Found a runed translucent gate.
 14364 | D:14     | Found a runed translucent gate.
 14374 | D:14     | Noticed fly's ghost (journeyman KoDe)
 14392 | D:14     | Noticed a rakshasa
 14419 | D:14     | Killed a rakshasa
 14419 | D:14     | Received a gift from Okawaru
 14903 | D:4      | Killed gohu56's ghost
 15327 | D:14     | You fall into a shaft and drop 1 floor!
 15327 | D:15     | Entered Level 15 of the Dungeon
 15336 | D:15     | Noticed a frost giant
 15342 | D:15     | Killed a frost giant
 15473 | D:15     | Found a shadowy altar of Dithmenos.
 15500 | D:14     | Noticed Lodul
 15522 | D:14     | Received a gift from Okawaru
 15530 | D:14     | Killed Lodul
 15539 | D:14     | Reached skill level 16 in Unarmed Combat
 15588 | D:14     | Noticed a yaktaur captain
 15598 | D:14     | Killed a yaktaur captain
 15599 | D:14     | Reached skill level 9 in Invocations
 15757 | D:14     | Reached skill level 7 in Armour
 15771 | D:14     | Found a gate to the Vaults.
 15839 | D:14     | Reached skill level 12 in Fighting
 15938 | D:14     | Reached skill level 8 in Throwing
 16022 | D:14     | Reached XP level 14. HP: 88/126 MP: 21/21
 16204 | D:14     | Received a gift from Okawaru
 16484 | D:14     | Noticed Snorg
 16497 | D:14     | Killed Snorg
 16654 | D:14     | Killed fly's ghost
 16677 | D:14     | Identified the ring "Waomp" {*Slow rPois rC+ rN++ rCorr}
 17081 | D:15     | Found a staircase to the Depths.
 17081 | D:15     | Noticed a frost giant
 17095 | D:15     | Killed a frost giant
 17096 | D:15     | Reached skill level 10 in Invocations
 17299 | D:15     | Reached skill level 3 in Dodging
 17370 | D:15     | Reached skill level 8 in Armour
 17473 | D:15     | Found a transporter.
 17473 | D:15     | Found a transporter.
 17481 | D:15     | Noticed Colgate's ghost (veteran AtHW)
 17691 | D:15     | Received a gift from Okawaru
 18045 | D:15     | Reached skill level 9 in Throwing
 18130 | D:15     | Killed Colgate's ghost
 18131 | D:15     | Reached skill level 13 in Fighting
 18131 | D:15     | Reached skill level 4 in Dodging
 18366 | Depths:1 | Entered Level 1 of the Depths
 18583 | D:15     | Received a gift from Okawaru
 18782 | Depths:1 | Found a gateway to Hell.
 18813 | D:15     | HP: 1/129 [iron troll (6)]
 18813 | D:15     | Slain by an iron troll

Illustrated notes

Levels and vault maps discovered:
D:1:      kilobyte_arrival_exit_the_forest, layout_basic
D:2:      layout_basic
D:3:      layout_loops_corners, led_xom_imps, serial_glass, glass_columns_a,
          glass_columns_c, glass_columns_a, glass_columns_b, feat_on_display,
          feat_on_display, due_unseen_surprise, minmay_strange_pillars,
          columned_hall_lemuel
D:4:      due_chaos_kobolds, layout_loops_ring, nicolae_overflow_hidden_temple,
          lemuel_tele_altar, gammafunk_ghost_icy, cheibrodos_sewer_entry_bend,
          uniq_sigmund
D:5:      layout_basic, serial_glass, glass_columns_a, glass_columns_c,
          glass_columns_a, glass_columns_a, glass_columns_a, glass_columns_a,
          glass_columns_a, glass_columns_a, glass_columns_a, glass_columns_b,
          uniq_eustachio, uniq_pikel
D:6:      layout_loops_corners, minmay_temple_entry_trees,
          ebering_ghost_reflecting_pool, uniq_blork_the_orc, uniq_grinder
D:7:      minmay_the_grid_octo_2x2 [minmay_the_grid_octo_toaster,
          minmay_the_grid_octo_concentric, minmay_the_grid_octo_horde,
          minmay_the_grid_octo_prize_single_spiral], layout_basic,
          hellmonk_overflow_destroyed_library, lemuel_round_altar
D:8:      layout_basic, overflow_temple_1_default,
          mainiacjoe_overflow_big_doors, uniq_gastronok
D:9:      layout_basic, nicolae_qazlal_eye_of_the_storm,
          hellmonk_lair_entry_icy, serial_shops, shop_fountains
D:10:     layout_rooms, uniq_nergalle, uniq_maggie
D:11:     layout_gridville, uniq_psyche, uniq_fannar, uniq_sonja
D:12:     layout_roguey, erik_orc_3, uniq_azrael
D:13:     layout_stronghold, hangedman_decor_points
D:14:     layout_long_grid, david_vaults_2, kennysheep_donut,
          gammafunk_ghost_spectres, uniq_lodul, uniq_snorg
D:15:     grunt_enter_depths_snipers, layout_long_grid,
          nicolae_dithmenos_the_darkroom, nzn_ghost_randoct, minivault_20
Temple:   hellmonk_temple_flake
Depths:1: minmay_curly_fans, layout_basic, hell_entry,
          nicolae_vehumet_altar_sigil, nicolae_diode_intersection,
          serial_bayou_shore_b, uniq_nikola

Skill      XL: |  1  2  3  4  5  6  7  8  9 10 11 12 13 14 |
---------------+-------------------------------------------+-----
Unarmed Combat | 4 5 6 8 9 11 12 13 15 16 | 16.0
Fighting       | 4 5 6 7 8 9 10 11 12 13 | 13.2
Shields        | 1 2 4 5 |  5.1
Invocations    | 2 5 6 7 9 10 | 10.0
Throwing       | 2 4 5 6 8 9 |  9.4
Armour         | 3 4 5 7 8 |  8.7
Dodging        | 4 |  4.6

Action                     |  1- 3 |  4- 6 |  7- 9 | 10-12 | 13-15 || total
---------------------------+-------+-------+-------+-------+-------++-------
  Melee: Unarmed           |   111 |   135 |   330 |   642 |   559 ||  1777
  Throw: Boomerang         |       |       |       |    17 |     8 ||    25
         Dart              |       |       |       |     4 |       ||     4
         Javelin           |       |       |       |       |     5 ||     5
 Invoke: Heroism           |       |       |       |     6 |     4 ||    10
         Receive Weapon    |       |       |       |     1 |       ||     1
         Receive Armour    |       |       |       |     1 |       ||     1
         Finesse           |       |       |       |       |     1 ||     1
  Evoke: Wand              |       |       |     1 |     3 |       ||     4
    Use: Scroll            |     1 |       |     7 |     4 |     6 ||    18
         Potion            |       |       |       |     6 |       ||     6
 Armour: Robe              |     9 |       |       |       |       ||     9
         Ring mail         |    74 |    66 |    53 |       |       ||   193
         Chain mail        |       |       |   119 |       |       ||   119
         Plate armour      |       |       |       |   487 |       ||   487
         Storm dragon scal |       |       |       |     1 |   408 ||   409
  Dodge: Dodged            |    69 |    51 |   109 |   147 |   140 ||   516
  Block: Buckler           |       |    18 |    53 |   227 |   229 ||   527
         Reflection        |       |       |       |    10 |     9 ||    19

Table legend:
 A = Kills in this place as a percentage of kills in the entire game.
 B = Kills by you in this place as a percentage of kills by you in the entire game.
 C = Kills by friends in this place as a percentage of kills by friends in the entire game.
 D = Other kills in this place as a percentage of other kills in the entire game.
 E = Experience gained in this place as a percentage of experience gained in the entire game.
 F = Experience gained in this place divided by the number of levels of this place that you have seen.
                   A       B       C       D       E      F
               +-------+-------+-------+-------+-------+----------------------
         Total | 100.0 | 100.0 |   N/A |   N/A | 100.0 | 4502.2
       Dungeon |  98.4 |  98.4 |   N/A |   N/A |  98.9 | 5341.5
        Depths |   0.2 |   0.2 |   N/A |   N/A |   1.0 | 791.0
         Sewer |   1.4 |   1.4 |   N/A |   N/A |   0.2 | 126.0
               +-------+-------+-------+-------+-------+----------------------
